ORI
UNIVERSITY OF MIAMI HURRICANES @ OREGON STATE UNIVERSITY BEAVERS
10/22/2044
 
TOP OF THE 1ST
University of Miami Hurricanes batting - Pitching for Oregon State University Beavers : RHP Angelo Mora
Pitching: RHP Angelo Mora
Batting: RHB Guo Kwok 0-0: Called Strike
0-1: Foul Ball, location: 2F
0-2: Strikes out swinging, 2-3 out at first.
Batting: RHB Alex Velasco 0-0: Called Strike
0-1: Foul Ball, location: 2F
0-2: Ball
1-2: Strikes out looking
Batting: LHB Kiyosumi Yoshioka 0-0: Called Strike
0-1: Called Strike
0-2: Ball
1-2: Ball
2-2: Foul Ball, location: 2F
2-2: Ball
3-2: Foul Ball, location: 2F
3-2: Foul Ball, location: 2F
3-2: Strikes out swinging
Top of the 1st over - 0 runs, 0 hits, 0 errors, 0 left on base; University of Miami 0 - Oregon State University 0
BOTTOM OF THE 1ST
Oregon State University Beavers batting - Pitching for University of Miami Hurricanes : LHP Matt Karr
Pitching: LHP Matt Karr
Batting: RHB Seth Fox 0-0: Called Strike
0-1: Ball
1-1: Swinging Strike
1-2: Foul Ball, location: 2F
1-2: Ball
2-2: Strikes out swinging
Batting: RHB Tony Gallegos 0-0: Swinging Strike
0-1: Swinging Strike
0-2: Ball
1-2: Foul Ball, location: 2F
1-2: Ball
2-2: Ball
3-2: SINGLE (Groundball, 6MD, EV 97.5 MPH)
Batting: RHB Xavier Williams 0-0: Called Strike
0-1: Ball
1-1: Ball
2-1: Called Strike
2-2: Ball
3-2: Base on Balls
Tony Gallegos to second
Batting: RHB Vicente Guillen 0-0: Ball
1-0: Ball
2-0: Foul Ball, location: 2F
2-1: Called Strike
2-2: Foul Ball, location: 2F
2-2: SINGLE (Groundball, 6MD, EV 102.5 MPH)
Tony Gallegos to third
Xavier Williams to second
Batting: LHB Mike Becerra 0-0: Swinging Strike
0-1: Ball
1-1: Fly out, F6 (Popup, 6S, EV 83.8 MPH)
Batting: LHB Edwin Bautista 0-0: Fielders Choice at 2nd, 6-4 (Groundball, 6, EV 88.1 MPH)
Bottom of the 1st over - 0 runs, 2 hits, 0 errors, 3 left on base; University of Miami 0 - Oregon State University 0
TOP OF THE 2ND
University of Miami Hurricanes batting - Pitching for Oregon State University Beavers : RHP Angelo Mora
Batting: LHB Ramon Garduno 0-0: Ball
1-0: Called Strike
1-1: Called Strike
1-2: Strikes out swinging
Batting: RHB Cesar Rendon 0-0: Ball
1-0: Called Strike
1-1: Swinging Strike
1-2: Strikes out swinging
Batting: LHB Eric Willis 0-0: Called Strike
0-1: Called Strike
0-2: Strikes out swinging
Top of the 2nd over - 0 runs, 0 hits, 0 errors, 0 left on base; University of Miami 0 - Oregon State University 0
BOTTOM OF THE 2ND
Oregon State University Beavers batting - Pitching for University of Miami Hurricanes : LHP Matt Karr
Batting: LHB Carlos Martinez 0-0: Called Strike
0-1: Ball
1-1: Ball
2-1: Foul Ball, location: 2F
2-2: Ball
3-2: Ground out 4-3 (Groundball, 4, EV 90.6 MPH)
Batting: LHB Carlos Magana 0-0: Foul Ball, location: 2F
0-1: Foul Ball, location: 2F
0-2: Ball
1-2: Ball
2-2: Ball
3-2: Foul Ball, location: 2F
3-2: Fly out, F8 (Flyball, 8LD, EV 103.8 MPH)
Batting: RHB Noel Bodkin 0-0: Called Strike
0-1: Swinging Strike
0-2: Ball
1-2: Foul Ball, location: 2F
1-2: Ball
2-2: Ball
3-2: Strikes out looking
Bottom of the 2nd over - 0 runs, 0 hits, 0 errors, 0 left on base; University of Miami 0 - Oregon State University 0
TOP OF THE 3RD
University of Miami Hurricanes batting - Pitching for Oregon State University Beavers : RHP Angelo Mora
Batting: RHB Dustin Goldsborough 0-0: Ball
1-0: Foul Ball, location: 2F
1-1: Swinging Strike
1-2: Strikes out swinging
Batting: SHB Dan Strickland 0-0: Swinging Strike
0-1: SINGLE (Line Drive, 89S, EV 100.0 MPH)
Batting: RHB John Norton 0-0: Fly out, F3 (Popup, 3SF, EV 78.1 MPH)
Batting: RHB Guo Kwok 0-0: Ball
1-0: Ball
2-0: Ball
3-0: Called Strike
3-1: Base on Balls
Dan Strickland to second
Batting: RHB Alex Velasco 0-0: Swinging Strike
0-1: 3-RUN HOME RUN (Flyball, 89XD, EV 103.1 MPH), Distance : 420 ft
Batting: LHB Kiyosumi Yoshioka 0-0: Ball
1-0: Ball
2-0: Called Strike
2-1: Called Strike
2-2: Strikes out swinging
Top of the 3rd over - 3 runs, 2 hits, 0 errors, 0 left on base; University of Miami 3 - Oregon State University 0
BOTTOM OF THE 3RD
Oregon State University Beavers batting - Pitching for University of Miami Hurricanes : LHP Matt Karr
Batting: RHB Seth Fox 0-0: Swinging Strike
0-1: Foul Ball, location: 2F
0-2: Ball
1-2: Strikes out swinging
Batting: RHB Tony Gallegos 0-0: Called Strike
0-1: Ball
1-1: Ground out 6-3 (Groundball, 6, EV 86.3 MPH)
Batting: RHB Xavier Williams 0-0: Called Strike
0-1: Swinging Strike
0-2: Ball
1-2: Fly out, F8 (Line Drive, 8RD, EV 91.9 MPH)
Bottom of the 3rd over - 0 runs, 0 hits, 0 errors, 0 left on base; University of Miami 3 - Oregon State University 0
TOP OF THE 4TH
University of Miami Hurricanes batting - Pitching for Oregon State University Beavers : RHP Angelo Mora
Batting: LHB Ramon Garduno 0-0: Foul Ball, location: 2F
0-1: Ball
1-1: Ball
2-1: Ball
3-1: Foul Ball, location: 2F
3-2: SINGLE (Line Drive, 34D, EV 104.4 MPH)
Batting: RHB Cesar Rendon 0-0: Ball
1-0: Swinging Strike
1-1: Ball
2-1: Swinging Strike
2-2: Strikes out swinging
Batting: LHB Eric Willis 0-0: Ball
1-0: Fielders Choice at 2nd, 6-4 (Groundball, 6, EV 89.4 MPH)
Batting: RHB Dustin Goldsborough 0-0: Ball
1-0: Called Strike
1-1: Fly out, F3 (Popup, 3S, EV 75.0 MPH)
Top of the 4th over - 0 runs, 1 hit, 0 errors, 1 left on base; University of Miami 3 - Oregon State University 0
BOTTOM OF THE 4TH
Oregon State University Beavers batting - Pitching for University of Miami Hurricanes : LHP Matt Karr
Batting: RHB Vicente Guillen 0-0: Called Strike
0-1: Ball
1-1: Ball
2-1: SINGLE (Groundball, 6MD, EV 110.0 MPH)
Batting: LHB Mike Becerra 0-0: Foul Ball, location: 2F
0-1: Ball
1-1: Foul Ball, location: 2F
1-2: Foul Ball, location: 2F
1-2: Fly out, F6 (Popup, 56, EV 61.9 MPH)
Batting: LHB Edwin Bautista 0-0: Ball
1-0: Ball
2-0: Called Strike
2-1: Swinging Strike
2-2: Ball
3-2: Fly out, F8 (Line Drive, 8RM, EV 100.6 MPH)
Pitching: RHP Alex Granado
Batting: LHB Carlos Martinez 0-0: Ball
1-0: Fly out, F8 (Flyball, 8RS, EV 98.8 MPH)
Bottom of the 4th over - 0 runs, 1 hit, 0 errors, 1 left on base; University of Miami 3 - Oregon State University 0
TOP OF THE 5TH
University of Miami Hurricanes batting - Pitching for Oregon State University Beavers : RHP Angelo Mora
Batting: SHB Dan Strickland 0-0: Ball
1-0: Foul Ball, location: 2F
1-1: Ground out 3-1 (Groundball, 34, EV 89.4 MPH)
Batting: RHB John Norton 0-0: Fly out, F8 (Line Drive, 8RM, EV 95.0 MPH)
Batting: RHB Guo Kwok 0-0: Foul Ball, location: 2F
0-1: Ground out 2-3 (Groundball, 2L, EV 63.1 MPH)
Top of the 5th over - 0 runs, 0 hits, 0 errors, 0 left on base; University of Miami 3 - Oregon State University 0
BOTTOM OF THE 5TH
Oregon State University Beavers batting - Pitching for University of Miami Hurricanes : RHP Alex Granado
Batting: LHB Carlos Magana 0-0: Ball
1-0: SINGLE (Groundball, 6D, EV 102.5 MPH)
Batting: RHB Noel Bodkin 0-0: Called Strike
Carlos Magana steals 2nd base
0-1: Ball
1-1: Swinging Strike
1-2: Strikes out swinging
Batting: RHB Seth Fox 0-0: Called Strike
0-1: Foul Ball, location: 2F
0-2: Ball
1-2: Ball
2-2: Ground out 5-3 (Groundball, 5L, EV 84.4 MPH)
Batting: RHB Tony Gallegos 0-0: Foul Ball, location: 2F
0-1: Ball
1-1: Foul Ball, location: 2F
1-2: Foul Ball, location: 2F
1-2: Foul Ball, location: 2F
1-2: Ball
2-2: Ball
3-2: SINGLE (Line Drive, 7S, EV 95.0 MPH)
Carlos Magana to third
Runner from 3rd tries for Home, SAFE, throw by LF to home
Batting: RHB Xavier Williams 0-0: Ball
1-0: Called Strike
1-1: Called Strike
1-2: Foul Ball, location: 2F
1-2: Ball
2-2: Strikes out swinging
Bottom of the 5th over - 1 run, 2 hits, 0 errors, 1 left on base; University of Miami 3 - Oregon State University 1
TOP OF THE 6TH
University of Miami Hurricanes batting - Pitching for Oregon State University Beavers : RHP Angelo Mora
Batting: RHB Alex Velasco 0-0: Ball
1-0: Foul Ball, location: 2F
1-1: Foul Ball, location: 2F
1-2: Ground out 6-3 (Groundball, 6, EV 100.0 MPH)
Batting: LHB Kiyosumi Yoshioka 0-0: Ball
1-0: Swinging Strike
1-1: Swinging Strike
1-2: Strikes out swinging
Batting: LHB Ramon Garduno 0-0: Swinging Strike
0-1: DOUBLE (Line Drive, 7LM, EV 107.5 MPH)
Pitching: RHP John Brooks
Batting: RHB Cesar Rendon 0-0: Ball
1-0: Ball
2-0: Called Strike
2-1: Ground out U3 (Groundball, 3L, EV 104.4 MPH)
Top of the 6th over - 0 runs, 1 hit, 0 errors, 1 left on base; University of Miami 3 - Oregon State University 1
BOTTOM OF THE 6TH
Oregon State University Beavers batting - Pitching for University of Miami Hurricanes : RHP Alex Granado
Batting: RHB Vicente Guillen 0-0: SINGLE (Line Drive, 6MD, EV 111.3 MPH)
Batting: LHB Mike Becerra
Pinch Hitting: RHB Itocravo Arrochela 0-0: Ball
Vicente Guillen is caught stealing 2nd base 2-4
1-0: Foul Ball, location: 2F
1-1: Foul Ball, location: 2F
1-2: Foul Ball, location: 2F
1-2: Foul Ball, location: 2F
1-2: Strikes out swinging
Batting: LHB Edwin Bautista 0-0: Called Strike
0-1: Ball
1-1: Swinging Strike
1-2: Ball
2-2: Strikes out looking
Bottom of the 6th over - 0 runs, 1 hit, 0 errors, 0 left on base; University of Miami 3 - Oregon State University 1
TOP OF THE 7TH
University of Miami Hurricanes batting - Pitching for Oregon State University Beavers : RHP John Brooks
Pitching: RHP Josue Rubio
Now in LF: Borislav Draganov
Batting: LHB Eric Willis 0-0: Called Strike
0-1: Ball
1-1: Foul Ball, location: 2F
1-2: Strikes out swinging
Batting: RHB Dustin Goldsborough 0-0: Called Strike
0-1: Called Strike
0-2: Strikes out swinging
Batting: SHB Dan Strickland 0-0: Ball
1-0: Swinging Strike
1-1: SINGLE (Groundball, P, EV 82.5 MPH) (infield hit)
Batting: RHB John Norton 0-0: Foul Ball, location: 2F
0-1: Ball
1-1: Ball
2-1: Ball
3-1: Base on Balls
Dan Strickland to second
Batting: RHB Guo Kwok 0-0: SINGLE (Line Drive, 8LS, EV 91.3 MPH)
Dan Strickland to third
John Norton to second
Runner from 3rd tries for Home, SAFE, throw by CF to home
Batting: RHB Alex Velasco 0-0: Ball
1-0: Called Strike
1-1: Called Strike
1-2: Strikes out swinging
Top of the 7th over - 1 run, 2 hits, 0 errors, 2 left on base; University of Miami 4 - Oregon State University 1
BOTTOM OF THE 7TH
Oregon State University Beavers batting - Pitching for University of Miami Hurricanes : RHP Alex Granado
Pitching: RHP François Leclerc
Batting: LHB Carlos Martinez 0-0: Ball
1-0: Foul Ball, location: 2F
1-1: Called Strike
1-2: Ball
2-2: Ball
3-2: Ground out 4-3 (Groundball, 4MS, EV 83.8 MPH)
Batting: LHB Carlos Magana 0-0: Ground out 4-3 (Groundball, 4, EV 88.8 MPH)
Batting: RHB Noel Bodkin 0-0: Ball
1-0: Ball
2-0: Called Strike
2-1: SINGLE (Groundball, 56, EV 109.4 MPH) (infield hit)
Batting: RHB Seth Fox 0-0: Ball
1-0: Fielders Choice at 2nd, 6-4 (Groundball, 56, EV 88.8 MPH)
Bottom of the 7th over - 0 runs, 1 hit, 0 errors, 1 left on base; University of Miami 4 - Oregon State University 1
TOP OF THE 8TH
University of Miami Hurricanes batting - Pitching for Oregon State University Beavers : RHP Josue Rubio
Pitching: LHP Bobby Shaw
Batting: LHB Kiyosumi Yoshioka 0-0: Called Strike
0-1: Ball
1-1: Called Strike
1-2: Strikes out swinging
Batting: RHB Carlos Almada 0-0: Called Strike
0-1: Called Strike
0-2: Foul Ball, location: 2F
0-2: Strikes out swinging
Batting: RHB Cesar Rendon 0-0: Ball
1-0: SINGLE (Line Drive, 3D, EV 94.4 MPH)
Batting: LHB Eric Willis 0-0: Ball
1-0: Called Strike
1-1: Ball
2-1: Fly out, F7 (Flyball, 7S, EV 75.0 MPH)
Top of the 8th over - 0 runs, 1 hit, 0 errors, 1 left on base; University of Miami 4 - Oregon State University 1
BOTTOM OF THE 8TH
Oregon State University Beavers batting - Pitching for University of Miami Hurricanes : RHP François Leclerc
Now in CF: Earl Crabtree
Batting: RHB Tony Gallegos 0-0: Foul Ball, location: 2F
0-1: Foul Ball, location: 2F
0-2: Reached via error on a dropped throw from SS, E3 (Groundball, 6, EV 90.0 MPH)
Pinch Hitting: RHB Joel Gomez 0-0: Fielders Choice at 2nd, 6-4 (Groundball, 6, EV 86.9 MPH)
Batting: RHB Vicente Guillen 0-0: DOUBLE (Line Drive, 9LS, EV 91.9 MPH)
Joel Gomez to third
Batting: LHB Borislav Draganov 0-0: SINGLE (Groundball, 5D, EV 95.0 MPH)
Joel Gomez scores
Vicente Guillen to third
Batting: RHB Austin Sweetman 0-0: Ball
1-0: Called Strike
1-1: Called Strike
1-2: SINGLE (Line Drive, 8LM, EV 102.5 MPH)
Vicente Guillen scores
Borislav Draganov to second
Batting: LHB Carlos Martinez 0-0: Fielders Choice at 2nd, 4-6 (Groundball, 4, EV 84.4 MPH)
Borislav Draganov to third
Batting: LHB Carlos Magana 0-0: Swinging Strike
0-1: Ball
1-1: Foul Ball, location: 2F
1-2: Strikes out looking
Bottom of the 8th over - 2 runs, 3 hits, 1 error, 2 left on base; University of Miami 4 - Oregon State University 3
TOP OF THE 9TH
University of Miami Hurricanes batting - Pitching for Oregon State University Beavers : LHP Bobby Shaw
Now at 1B: Joel Gomez
Batting: RHB Dustin Goldsborough 0-0: Ball
1-0: Ball
2-0: Called Strike
2-1: Ball
3-1: Called Strike
3-2: Foul Ball, location: 2F
3-2: Base on Balls
Batting: SHB Dan Strickland 0-0: Fly out, F8 (Line Drive, 8RM, EV 90.0 MPH)
Batting: RHB John Norton 0-0: Called Strike
0-1: Ball
1-1: Ball
2-1: Swinging Strike
2-2: Strikes out swinging
Batting: RHB Guo Kwok 0-0: Called Strike
0-1: Ball
1-1: SINGLE (Line Drive, 89S, EV 93.8 MPH)
Dustin Goldsborough to second
Runner from 2nd tries for 3rd, OUT! 9-5
Top of the 9th over - 0 runs, 1 hit, 0 errors, 1 left on base; University of Miami 4 - Oregon State University 3
BOTTOM OF THE 9TH
Oregon State University Beavers batting - Pitching for University of Miami Hurricanes : RHP François Leclerc
Pitching: RHP Brian Jarrett
Pinch Hitting: RHB Ward Armstrong 0-0: Called Strike
0-1: Ball
1-1: Ball
2-1: Ball
3-1: Foul Ball, location: 2F
3-2: Base on Balls
Batting: RHB Seth Fox 0-0: Bunt missed!
0-1: Bunt missed!
0-2: Foul Ball, location: 2F
0-2: Foul Ball, location: 2F
0-2: Strikes out swinging
Batting: RHB Tony Gallegos 0-0: Grounds into double play, 5-4-3 (Groundball, 5L, EV 81.3 MPH)
Bottom of the 9th over - 0 runs, 0 hits, 0 errors, 0 left on base; University of Miami 4 - Oregon State University 3
Thursday, March 31st , 2022 - OOTP Baseball 22.12 Build 89